 Dungeon Crawl Stone Soup version 0.28.0 (webtiles) character file.

Game seed: 10631575854821507305

106 BorgnjorsVileCrotch the Chopper (level 4, -6/40 HPs)
             Began as a Deep Dwarf Fighter on Feb 12, 2022.
             Was a Follower of Okawaru.
             Succumbed to a gnoll sergeant's poison
             ... on level 4 of the Dungeon.
             The game lasted 00:03:03 (492 turns).

BorgnjorsVileCrotch the Chopper (Deep Dwarf Fighter) Turns: 492, Time: 00:03:04

Health: -6/40      AC:  8    Str: 22    XL:     4   Next: 55%
Magic:  2/4        EV:  9    Int:  8    God:    Okawaru [*.....]
Gold:   36         SH:  4    Dex: 12    Spells: 3/3 levels left

rFire   . . .      SeeInvis .   a - +0 war axe
rCold   . . .      Faith    .   c - +0 buckler
rNeg    . . .      Spirit   .   b - +0 scale mail
rPois   .          Reflect  .   k - +0 helmet
rElec   .          Harm     .   (no cloak)
rCorr   .          Rampage  .   (no gloves)
Will    .....                   (no boots)
Stlth   ..........              (no amulet)
HPRegen 0.00/turn               (no ring)
MPRegen 0.09/turn               (no ring)

@: lethally poisoned (-6 -> -24)
A: damage resistance, heal wounds, sense surroundings 1, no regeneration
a: Heal Wounds, Renounce Religion, Heroism


You were on level 4 of the Dungeon.
You worshipped Okawaru.
Okawaru was aware of your devotion.
You visited 1 branch of the dungeon, and saw 4 of its levels.

You collected 36 gold pieces.

Inventory:

Hand Weapons
 a - a +0 war axe (weapon)
 p - a +0 vampiric halberd
   (You took it off a gnoll on level 4 of the Dungeon)
Missiles
 g - 5 poisoned darts (quivered)
Armour
 b - a +0 scale mail (worn)
 c - a +0 buckler (worn)
 k - a +0 helmet (worn)
   (You took it off Robin on level 2 of the Dungeon)
Wands
 o - a wand of polymorph (7)
   (You took it off a gnoll on level 4 of the Dungeon)
Scrolls
 j - a scroll of enchant armour {unknown}
 l - 2 scrolls of identify {unknown}
Potions
 d - a potion of might {@q3 !q}
 e - a potion of heal wounds {unknown}
 f - a potion of mutation {unknown}
 h - a potion of berserk rage {unknown}
 i - a potion of cancellation {unknown}
 m - a potion of experience {unknown}
 n - 2 potions of ambrosia {unknown}


   Skills:
 - Level 2.6 Fighting
 * Level 5.1 Axes
 - Level 3.2 Armour
 - Level 3.2 Shields
 + Level 1.5 Invocations


You had 3 spell levels left.
You didn't know any spells.
Your spell library was empty.

Dungeon Overview and Level Annotations

Branches:
Dungeon (4/15)
 Temple: D:4-7

Altars:
Okawaru

Annotations:
D:4 1 transporter, mfcas's ghost, amateur HOBe


Innate Abilities, Weirdness & Mutations

You are resistant to damage.
You can heal yourself by infusing magical energy.
You passively map a small area around you.
You do not regenerate.


Message History

The gnoll misses you.
The gnoll hits you with a +0 vampiric halberd.
The gnoll misses you.
You condense into your normal self.
Your +0 war axe unmelds from your body.
Your +0 helmet unmelds from your body.
Your +0 buckler unmelds from your body.
Your +0 scale mail unmelds from your body.
You feel less confused.
Your magical essence is drained by the effort!
You feel much better. The gnoll hits you but does no damage.
The gnoll misses you. You block the gnoll's attack.
You hit the gnoll.
The gnoll is severely wounded.
You barely miss the gnoll. You slash the gnoll!
The gnoll zaps a wand.
You resist with some effort. The gnoll closely misses you.
The gnoll zaps a wand.
Your will is overpowered!
You are confused.
The gnoll closely misses you.
You hit the gnoll.
You kill the gnoll!
Okawaru accepts your kill.
You barely miss the gnoll. You hit the gnoll.
You kill the gnoll!
Okawaru accepts your kill.
The gnoll zaps a wand.
You resist with some effort.
Your Invocations skill increases to level 1!
You hit the gnoll.
The gnoll is almost dead.
The gnoll misses you.
You slash the gnoll!
You kill the gnoll!
Okawaru accepts your kill.
Your Axes skill increases to level 5!
o - a wand of polymorph (7)
There is a fountain of clear blue water here.
You feel less confused.
You see here a wand of charming (9).
There is an open translucent door, spattered with blood here.
Things that are here:
a +0 vampiric halberd; a gnoll corpse
p - a +0 vampiric halberd
Found 32 gold pieces.
A gnoll comes into view. It is wielding a +0 spear.
Found an opal ring, a manual of Staves, 15 stones and 8 gold pieces.
Mfcas's ghost turns its malevolent gaze towards you.
The gnoll shouts!
The gnoll moves out of view.
Press: ? - help, v - describe, . - travel, g - get item
Here: mfcas's ghost (fire blocked by a translucent stone wall) Item here: an opal ring.
The floor.
Unknown command.
Press: ? - help, v - describe, . - travel, g - get item Item here: a manual of Staves.
The floor.
A gnoll sergeant comes into view.
It is wielding the +1 trident of the Seven Lives {venom, SInv}.
The gnoll sergeant shouts!
You gain the combat prowess of a mighty hero.
The gnoll barely misses you.
Mfcas's ghost whispers, "Meet the emptiness of death!"
You closely miss the gnoll. You block the gnoll's attack.
Mfcas's ghost screams, "Zot is a myth, the ORB is a fable, you'll soon be a tale!"
You slash the gnoll!
The gnoll is severely wounded.
Mfcas's ghost whispers, "They're coming for you..."
The gnoll hits you with a +0 spear.
You slash the gnoll!
You kill the gnoll!
Okawaru accepts your kill.
The gnoll sergeant hits you from afar with the +1 trident of the Seven Lives {venom, SInv}!
You are poisoned.
You feel sick.
The gnoll sergeant hits you with the +1 trident of the Seven Lives {venom, SInv}!
You are more poisoned.
Things that are here:
a +0 spear; a gnoll corpse You hit the gnoll sergeant.
The gnoll sergeant is lightly wounded.
You feel extremely sick. You block the gnoll sergeant's attack.
You feel much better.
You feel sick. You block the gnoll sergeant's attack.
You barely miss the gnoll sergeant.
The gnoll sergeant is lightly wounded.
The gnoll sergeant hits you but does no damage.
You are more poisoned.
You barely miss the gnoll sergeant.
The gnoll sergeant is lightly wounded.
You feel like a meek peon again.
The gnoll sergeant hits you with the +1 trident of the Seven Lives {venom, SInv}!
You are more poisoned.
You hit the gnoll sergeant.
The gnoll sergeant is lightly wounded.
You feel extremely sick.
The gnoll sergeant hits you with the +1 trident of the Seven Lives {venom, SInv}.
* * * LOW HITPOINT WARNING * * *
You are lethally poisoned!
The gnoll sergeant hits you with the +1 trident of the Seven Lives {venom, SInv}!
* * * LOW HITPOINT WARNING * * *
You fail to use your ability.
You die...

,
#.≈≈..#.#P..#.#......#
#.≈≈.©#.'.©.+.#§.....#
#.≈≈..#.#8⌠8#.#......#
#.≈≈.##.#####.##.≈≈..#
,
#.≈≈.#..#=:(#..#.≈≈..#
#.≈≈.##.#...#.##.≈≈..#
#.≈≈..#.#$$$#.#..≈≈.##
..≈≈###.##'##.###≈≈.#
_
..≈≈#...@gW.....#≈≈.#
..≈ ##.###.###.# ..≈
#.. **# , . ≈≈### , ≈
, ≈≈≈ ≈ .≈≈ ,..., ,, ,
* **


You could see a gnoll sergeant and mfcas's ghost.

Vanquished Creatures
  Robin (D:2)
  5 gnolls (D:4)
  2 adders (D:2)
  A worm (D:2)
  2 ball pythons
  2 bats
  An endoplasm (D:1)
  12 goblins
  A hobgoblin (D:2)
  2 jackals (D:2)
  A rat (D:1)
30 creatures vanquished.

Vanquished Creatures (others)
  2 demonic plants (D:2)
  3 plants (D:4)
5 creatures vanquished.

Grand Total: 35 creatures vanquished

Notes
Turn   | Place    | Note
-------+----------+-------------------------------------------
     0 | D:1      | BorgnjorsVileCrotch the Deep Dwarf Fighter began the quest
                  | for the Orb.
     0 | D:1      | Reached XP level 1. HP: 20/20 MP: 1/1
   271 | D:2      | Reached skill level 3 in Axes
   271 | D:2      | Reached XP level 2. HP: 25/27 MP: 2/2
   309 | D:2      | Noticed Robin
   320 | D:2      | Reached skill level 4 in Axes
   320 | D:2      | Reached XP level 3. HP: 13/33 MP: 3/3
   333 | D:2      | Killed Robin
   350 | D:2      | Found a faded altar of an unknown god.
   350 | D:2      | Noticed a rust devil
   358 | D:2      | Prayed at the altar of an unknown god.
   358 | D:2      | Became a worshipper of Warmaster Okawaru
   358 | D:2      | Reached * piety under Okawaru
   420 | D:4      | Found a transporter.
   420 | D:4      | Found a transporter.
   454 | D:4      | Reached XP level 4. HP: 21/40 MP: 2/4
   457 | D:4      | Your magical essence is drained by the effort!
   460 | D:4      | Reached skill level 1 in Invocations
   462 | D:4      | Reached skill level 5 in Axes
   477 | D:4      | Noticed mfcas's ghost (amateur HOBe)
   479 | D:4      | Identified the +1 trident of the Seven Lives {venom, SInv}
   479 | D:4      | Noticed a gnoll sergeant
   492 | D:4      | Succumbed to a gnoll sergeant's poison

Illustrated notes

Levels and vault maps discovered:
D:1:      lemuel_arrival_muddy, layout_loops_corners, minmay_curled_crystal
D:2:      layout_basic, dreamdust_ecumenical_altar_sealed_demon, uniq_robin
D:3:      layout_basic, nemelex_diamond_rough_becter,
          mainiacjoe_overflow_brackets, uniq_crazy_yiuf_cottage
D:4:      layout_cave_pods, makhleb_altar_promises_db,
          gammafunk_ghost_gnarly_gnolls, hangedman_decor_lopped

Skill      XL: |  1  2  3  4 |
---------------+-------------+-----
Axes           | 3 4 5 |  5.1
Invocations    | 1 |  1.5
Fighting       | |  2.6
Armour         | |  3.2
Shields        | |  3.2

Action                   |  1- 3 |  4- 6 || total
-------------------------+-------+-------++-------
Melee: War axe           |    39 |    11 ||    50
       Unarmed           |     8 |     1 ||     9
Invok: Heroism           |     1 |     1 ||     2
 Abil: Heal Wounds       |     1 |     2 ||     3
Armor: Scale mail        |    48 |     2 ||    50
       Skin              |     5 |       ||     5
Dodge: Dodged            |    66 |     8 ||    74
Block: Buckler           |    17 |     4 ||    21
